 Dungeon Crawl Stone Soup version 0.32-a0-290-g598725c5f2 (webtiles) character file.

Game seed: 11178573477326709348

333 jasper the Cleaver (level 6, 0/38 (51) HPs)
             Began as a Mountain Dwarf Fighter on Feb 13, 2024.
             Was an Initiate of Beogh.
             Slain by a wight
             ... wielding a +4 flail of freezing
              (2 damage)
             ... on level 3 of the Dungeon.
             The game lasted 00:06:29 (2772 turns).

jasper the Cleaver (Mountain Dwarf Fighter)         Turns: 2772, Time: 00:06:29

HP:   0/38 (51)     AC: 13    Str: 21    XL:     6   Next: 27%
MP:   6/6           EV:  7    Int:  8    God:    Beogh [......]
Gold: 120           SH:  4    Dex:  9    Spells: 5/5 levels left

rFire   . . .        a - +0 war axe
rCold   . . .        c - +0 buckler
rNeg    . . .        o - +0 chain mail
rPois   .            (no helmet)
rElec   .            (no cloak)
rCorr   .            (no gloves)
SInv    .            (no boots)
Will    .....        (no amulet) Stlth
                     h - +4 ring of protection
HPRegen 0.26/turn    (no ring)
MPRegen 0.10/turn

%: no passive effects
@: very heavily drained, invisible
A: runic magic, artefact enchanting
a: Renounce Religion


You were on level 3 of the Dungeon.
You worshipped Beogh.
Beogh was noncommittal.
You visited 1 branch of the dungeon, and saw 4 of its levels.

You collected 120 gold pieces.

Inventory:

Hand Weapons
 a - a +0 war axe (weapon)
 l - a +0 flail
 n - a +3 flail
Missiles
 e - 3 boomerangs (quivered)
 f - 2 stones
Armour
 b - a +0 scale mail
 c - a +0 buckler (worn)
 o - a +0 chain mail (worn)
Jewellery
 h - a +4 ring of protection (left hand)
Scrolls
 g - 2 scrolls of teleportation
 j - 3 scrolls of identify
 m - a scroll of vulnerability
 p - a scroll of fog
 q - a scroll of enchant weapon {unknown}
Potions
 d - 2 potions of might
 r - a potion of resistance {unknown}


   Skills:
 - Level 3.2 Fighting
 + Level 8.1 Axes
 - Level 3.2 Armour
 - Level 3.2 Shields


You had 5 spell levels left.
You didn't know any spells.
Your spell library contained the following spells:

 Spells                   Type           Power      Damage    Failure   Level
 Inner Flame              Hex/Fire       0%         N/A       95%         3
 Irradiate                Conj/Alch      0%         3d11      100%        5
 Ignition                 Fire           0%         3d3       100%        8


Dungeon Overview and Level Annotations

Branches:
Dungeon (4/15)
 Temple: D:4-7

Altars:


Innate Abilities, Weirdness & Mutations

Your spellcasting is much less encumbered by armour.
You can use scrolls of enchantment on lesser artefacts.


Message History

You feel drained. The wight freezes you.
The wight hits you with a +4 flail of freezing.
You feel drained. The wight freezes you.
You climb upwards.
There is a stone staircase leading down here.
You take 11 damage, and have 36/44 hp.
MASSIVE DAMAGE!!
You closely miss the wight. You barely miss the wight.
The wight barely misses you.
The wight hits you with a +3 falchion of freezing.
You feel drained. The wight freezes you.
You take 3 damage, and have 33/43 hp.
You barely miss the wight. You closely miss the wight.
The wight hits you with a +4 flail of freezing.
You feel drained. The wight freezes you.
The wight hits you with a +3 falchion of freezing.
The wight freezes you.
You take 7 damage, and have 26/42 hp.
You closely miss the wight. x2
The wight hits you with a +4 flail of freezing.
You feel drained. The wight freezes you. You block the wight's attack.
You take 5 damage, and have 21/40 hp.
You hit the wight but do no damage. You hit the wight.
The wight hits you with a +4 flail of freezing.
The wight freezes you. The wight closely misses you.
You take 7 damage, and have 14/40 hp.
The wight attacks as it pursues you! The wight barely misses you.
The wight attacks as it pursues you!
The wight hits you with a +4 flail of freezing.
You feel drained. The wight freezes you.
* * * LOW HITPOINT WARNING * * *
You take 3 damage, and have 11/38 hp.
Press: ? - help, v - describe, . - travel
Here: a wight, wielding a +4 flail of freezing and wearing a +0 robe (moderately damaged)
The floor, spattered with blood.
Unknown command.
You fade into invisibility!
The wight hits you with a +4 flail of freezing!
* * * LOW HITPOINT WARNING * * *
The wight freezes you.
You die...

####### #.....# #
#####.....#########
#.@zz..............
#.##...............
#)###.....####.....
#.# ####### #.....
#.# #.....
#########.# #.....
#.......#.# ######
#.#####'#)######
#.# #.........#


You could see 2 wights.

Vanquished Creatures
  2 wights (D:4)
  A hound (D:4)
  An orc wizard (D:2)
  3 adders
  3 gnolls
  2 dart slugs
  7 orcs (D:3)
  5 endoplasms
  4 giant cockroaches
  7 goblins
  5 hobgoblins
  4 jackals (D:1)
  4 kobolds
  3 quokkas
  6 ball pythons
  3 bats
  A frilled lizard (D:1)
  2 rats
63 creatures vanquished.

Notes
Turn   | Place    | Note
-------+----------+-------------------------------------------
     0 | D:1      | jasper the Mountain Dwarf Fighter began the quest for the
                  | Orb.
     0 | D:1      | Reached XP level 1. HP: 19/19 MP: 1/1
   163 | D:1      | Reached skill level 3 in Axes
   246 | D:1      | Reached XP level 2. HP: 21/26 MP: 2/2
   725 | D:1      | Reached skill level 4 in Axes
   876 | D:2      | Reached XP level 3. HP: 31/31 MP: 3/3
  1243 | D:2      | Reached skill level 5 in Axes
  1454 | D:2      | Reached XP level 4. HP: 38/38 MP: 4/4
  1821 | D:2      | Reached skill level 6 in Axes
  2037 | D:3      | Reached XP level 5. HP: 44/45 MP: 5/5
  2058 | D:3      | Became a worshipper of Beogh the Shepherd
  2420 | D:4      | Reached skill level 7 in Axes
  2498 | D:4      | Reached XP level 6. HP: 51/51 MP: 6/6
  2608 | D:4      | Reached skill level 8 in Axes
  2772 | D:3      | Slain by a wight

Illustrated notes

Levels and vault maps discovered:
D:1:      grunt_arrival_lava_bath, layout_basic
D:2:      layout_basic
D:3:      layout_basic
D:4:      layout_cave_pools

Skill      XL: |  1  2  3  4  5  6 |
---------------+-------------------+-----
Axes           | 3 4 5 6 7 8 |  8.1
Fighting       | |  3.2
Armour         | |  3.2
Shields        | |  3.2

Action                     |  1- 3 |  4- 6 || total
---------------------------+-------+-------++-------
  Melee: War axe           |    77 |   108 ||   185
  Throw: Stone             |    19 |     6 ||    25
         Boomerang         |       |    23 ||    23
 Invoke: Convert to Beogh  |       |     1 ||     1
    Use: Scroll            |       |     8 ||     8
         Potion            |       |     1 ||     1
 Armour: Scale mail        |    44 |    37 ||    81
         Chain mail        |       |    37 ||    37
  Dodge: Dodged            |    37 |    50 ||    87
  Block: Buckler           |    15 |    15 ||    30

Table legend: (Time is in decaauts)
 A = Elapsed time spent in this place.
 B = Non-inter-level travel time spent in this place.
 C = Inter-level travel time spent in this place.
 D = Time resting spent in this place.
 E = Time spent auto-exploring this place.
 F = Levels seen in this place.
 G = Mean time per level.
                   A        B        C        D        E       F      G
               +--------+--------+--------+--------+--------+-----+--------+
         Total |   2834 |   2759 |     75 |    404 |   1718 |   4 |  708.5 |
       Dungeon |   2834 |   2759 |     75 |    404 |   1718 |   4 |  708.5 |
               +--------+--------+--------+--------+--------+-----+--------+

Top non-repeatable levels by time:
     D:2: 986 daAuts
     D:1: 846 daAuts
     D:3: 786 daAuts
     D:4: 215 daAuts
